 Dungeon Crawl Stone Soup version 0.29-a0-194-g6e3aafee17 (webtiles) character file.

Game seed: 5450189484218361371

2 mcwallace the Magician (level 1, 0/15 HPs)
             Began as a Djinni Fire Elementalist on Feb 23, 2022.
             Slain by a quokka (1 damage)
             ... on level 1 of the Dungeon.
             The game lasted 00:00:44 (187 turns).

mcwallace the Magician (Djinni Fire Elementalist)    Turns: 187, Time: 00:00:44

Health: 0/15       AC:  2    Str:  7    XL:     1   Next: 44%
Gold:   25         EV: 12    Int: 16    God:
                   SH:  0    Dex: 13

rFire   + + .      SeeInvis .   c - +0 dagger {short}
rCold   x . .      Faith    .   (no shield)
rNeg    . . .      Spirit   .   a - +0 robe
rPois   ∞          Reflect  .   (no helmet)
rElec   .          Harm     .   (no cloak)
rCorr   .          Rampage  .   (no gloves)
Will    .....                   (boots unavailable)
Stlth   ++........              (no amulet)
HPRegen 0.05/turn               (no ring)
MPRegen 0.00/turn               (no ring)

@: flying
A: sickness immunity, fire resistance 2, cold vulnerability 1, float, innate
caster, HP casting, extra vitality 1
a: no special abilities


You were on level 1 of the Dungeon.
You visited 1 branch of the dungeon, and saw 1 of its levels.

You collected 25 gold pieces.


Innate Abilities, Weirdness & Mutations

You are immune to sickness and miasma.
You are immune to poison.
Your flesh is very heat resistant. (rF++)
You are vulnerable to cold. (rC-)
You float through the air rather than walking.
You learn spells naturally, not from books.
Your magical power is your life essence.
You have superior vitality. (+4 MHP)


   Skills:
 + Level 0.1 Fighting
 + Level 0.2 Armour
 + Level 2.2 Dodging
 - Level 1.5 Stealth
 + Level 2.4 Spellcasting


You couldn't memorise any spells.
You knew the following spells:

 Your Spells              Type           Power      Damage    Failure   Level
a - Foxfire               Conj/Fire      36%        2x1d5     8%          1
b - Scorch                Fire           18%        2d6       11%         2
c - Conjure Flame         Conj/Fire      9%         6-21      22%         3
d - Inner Flame           Hex/Fire       9%         N/A       22%         3
e - Flame Wave            Conj/Fire      9%         2d5       58%         4
Your spell library was empty.

Inventory:

Hand Weapons
 c - a +0 dagger (weapon) {short}
   (You found it on level 1 of the Dungeon)
Missiles
 b - a throwing net {=f!fthrowing}
Armour
 a - a +0 robe (worn)
 d - a +0 robe
   (You found it on level 1 of the Dungeon)

Dungeon Overview and Level Annotations

Branches:
Dungeon (1/15)

Altars:

##.....≈≈≈..)..#
##.....≈§≈≈≈.....###.
##.....≈.....§..?......#
##.....§§≈...≈≈≈.....#..#
#.....≈§§§≈.≈§≈≈§.....B.#
.....≈...........≈.......
....≈≈≈....<....§§≈.....#
..†≈≈§§§.......§≈b§≈....#
..≈..§..§§....≈.@§§.≈...#
.§§≈§§§§§≈...≈§§rb.≈≈≈..#K
≈§≈§§§≈§≈≈≈.§≈≈§§.§≈§≈≈...
....§..§..................
..........................
##.......##.#####..K......
##.#####......b...#...#...
.#.#####.##.#######.g...#
.#.##.##.##.# #......


You could see a quokka, a giant cockroach (asleep), a goblin, 2 bats and a
kobold.


Message History

😕 HP[-1]
You take 1 damage, and now have 12/15 hp.
There are monsters nearby!
You hit the giant cockroach. The bat hits you but does no damage.
The giant cockroach bites you. 😮 HP[-1]
You take 1 damage, and now have 11/15 hp.
There are monsters nearby!
You are too injured to fight recklessly!
There are monsters nearby!
You are too injured to fight recklessly!
There are monsters nearby!
You are too injured to fight recklessly!
You are too injured to fight recklessly!
Unknown command.
You are too injured to fight recklessly!
The foxfire hits the giant cockroach.
The giant cockroach bites you. 😮 HP[-1]
You take 1 damage, and now have 10/15 hp.
You are too injured to fight recklessly!
You are too injured to fight recklessly!
You are too injured to fight recklessly!
Casting: Foxfire (safe; 8% risk of failure)
Confirm with . or Enter, or press ? or * to list all spells.
You conjure some foxfire!
The giant cockroach barely misses you. 😮 HP[-1]
You take 1 damage, and now have 9/15 hp.
You hit the giant cockroach but do no damage.
The foxfire hits the giant cockroach but does no damage.
The foxfire hits the giant cockroach.
You kill the giant cockroach!
The bat barely misses you.
You barely miss the bat. The bat barely misses you. The bat closely misses you.
You hit the bat. The bat hits you. 😮 HP[-1]
You take 1 damage, and now have 8/15 hp.
You closely miss the bat. The bat barely misses you.
The bat hits you but does no damage.
You see here a giant cockroach corpse.
A bat comes into view.
The bat hits you but does no damage.
You are too injured to fight recklessly!
You are too injured to fight recklessly!
You hit the bat. The bat closely misses you.
A goblin and a rat come into view.
The bat hits you.
* * * LOW HITPOINT WARNING * * *
😨 HP[-1]
You take 1 damage, and now have 7/15 hp.
The bat closely misses you.
You see here a giant cockroach corpse. 😮 HP[+1]
The bat hits you but does no damage.
You see here a rat corpse.
The bat hits you but does no damage. The bat barely misses you.
The bat closely misses you.
A quokka comes into view.
The bat hits you but does no damage. x2; The bat closely misses you.
The bat barely misses you. The bat hits you but does no damage.
The bat barely misses you. The bat closely misses you. The quokka bites you.
* * * LOW HITPOINT WARNING * * *
😱 HP[-5]
You take 5 damage, and now have 3/15 hp.
MASSIVE DAMAGE!! (PAUSE)
The bat closely misses you. x3
You miss the bat. The bat misses you. The bat barely misses you.
The quokka barely misses you. The bat barely misses you.
The bat hits you but does no damage. The bat barely misses you.
The bat hits you but does no damage. x2; The bat hits you.
* * * LOW HITPOINT WARNING * * *
😱 HP[-1]
You take 1 damage, and now have 2/15 hp.
The bat hits you but does no damage. The bat closely misses you.
The bat misses you. The bat hits you but does no damage.
The bat barely misses you. The bat completely misses you.
The bat closely misses you. The bat closely misses you. x2
The bat misses you.
The bat hits you but does no damage. 😱 HP[+1]
A bat comes into view.
The bat hits you but does no damage.
A rat and 2 kobolds come into view.
The kobold shouts!
You hear a shout!
The bat barely misses you.
A goblin comes into view. It is wielding a +0 club.
The bat hits you but does no damage.
A giant cockroach comes into view.
The bat hits you.
* * * LOW HITPOINT WARNING * * *
😱 HP[-1]
You take 1 damage, and now have 2/15 hp.
The bat hits you but does no damage. The bat hits you but does no damage.
The bat hits you.
* * * LOW HITPOINT WARNING * * *
😱 HP[-1]
You take 1 damage, and now have 1/15 hp.
The bat barely misses you. x3; The quokka bites you.
You die...

Action                   || total
-------------------------++-------
Melee: Dagger            ||     9
 Cast: Foxfire           ||     9
Armor: Robe              ||    20
Dodge: Dodged            ||    34

Levels and vault maps discovered:
D:1:      onia_arrival_pyramid, layout_basic, ebering_ecumenical_altar_hall

Notes
Turn   | Place    | Note
-------+----------+-------------------------------------------
     0 | D:1      | mcwallace the Djinni Fire Elementalist began the quest for
                  | the Orb.
     0 | D:1      | Reached XP level 1. HP: 15/15 MP: 0/0
     0 | D:1      | magus.rc [v1.9.6]
   168 | D:1      | HP: 3/15 [quokka (5)]
   184 | D:1      | HP: 2/15 [bat (1)]
   187 | D:1      | Slain by a quokka

Vanquished Creatures
  A giant cockroach (D:1)
  A ball python (D:1)
  A rat (D:1)
3 creatures vanquished.

Vanquished Creatures (others)
  16 foxfires (D:1)
16 creatures vanquished.

Grand Total: 19 creatures vanquished

Table legend:
 A = Non-vault XP
 B = Vault XP
 C = Vault XP percentage of total XP
 D = Non-vault monster count
 E = Vault monster count
 F = Vault count percentage of total count
                 A         B        C        D         E       F
            +---------+---------+-------+---------+---------+-------
      Total |       4 |       0 |   0.0 |       3 |       0 |   0.0
            +---------+---------+-------+---------+---------+-------
        D:1 |       4 |       0 |   0.0 |       3 |       0 |   0.0
            +---------+---------+-------+---------+---------+-------

Illustrated notes

Table legend:
 A = Kills in this place as a percentage of kills in entire the game.
 B = Kills by you in this place as a percentage of kills by you in the entire game.
 C = Kills by friends in this place as a percentage of kills by friends in the entire game.
 D = Other kills in this place as a percentage of other kills in the entire game.
 E = Experience gained in this place as a percentage of experience gained in the entire game.
 F = Experience gained in this place divided by the number of levels of this place that you have seen.
                   A       B       C       D       E      F
               +-------+-------+-------+-------+-------+----------------------
         Total | 100.0 | 100.0 |   N/A |   N/A | 100.0 |   4.0
       Dungeon | 100.0 | 100.0 |   N/A |   N/A | 100.0 |   4.0
               +-------+-------+-------+-------+-------+----------------------

Table legend: (Time is in decaauts)
 A = Elapsed time spent in this place.
 B = Non-inter-level travel time spent in this place.
 C = Inter-level travel time spent in this place.
 D = Time resting spent in this place.
 E = Time spent auto-exploring this place.
 F = Levels seen in this place.
 G = Mean time per level.
                   A        B        C        D        E       F      G
               +--------+--------+--------+--------+--------+-----+--------+
         Total |    186 |    186 |      0 |      0 |    129 |   1 |  186.0 |
       Dungeon |    186 |    186 |      0 |      0 |    129 |   1 |  186.0 |
               +--------+--------+--------+--------+--------+-----+--------+

Top non-repeatable levels by time:
     D:1: 186 daAuts
